 Dungeon Crawl Stone Soup version 0.30-a0-777-ga9a30cbeda (webtiles) character file.

Game seed: 9669675853456443672

1855 zero the Digger (level 9, -8/54 HPs)
             Began as a Gargoyle Earth Elementalist on Feb 13, 2023.
             Was a Follower of Vehumet.
             Mangled by a two-headed ogre
             ... wielding a +0 giant club
              (26 damage)
             ... on level 6 of the Dungeon.
             The game lasted 00:05:08 (6849 turns).

zero the Digger (Gargoyle Earth Elementalist)       Turns: 6849, Time: 00:05:09

Health: -8/54      AC: 11    Str: 12    XL:     9   Next: 12%
Magic:  1/18       EV: 11    Int: 20    God:    Vehumet [*.....]
Gold:   211        SH:  0    Dex: 10    Spells: 12/20 levels left

rFire   + . .      SeeInvis .    A - +1 whip (freeze)
rCold   . . .      Faith    .    (no shield)
rNeg    + + .      Spirit   .    z - +2 robe {rF+}
rPois   ∞          Reflect  .    (no helmet)
rElec   +          Harm     .    (no cloak)
rCorr   .          Rampage  .    (no gloves)
Will    .....                    p - +0 pair of boots
Stlth   ++                       (no amulet)
HPRegen 0.29/turn                h - ring of positive energy
MPRegen 0.16/turn                v - +4 ring of slaying

@: no status effects
A: sickness immunity, AC +6, negative energy resistance 1, electricity
resistance, torment resistance 1, petrification resistance
a: Renounce Religion


You were on level 6 of the Dungeon.
You worshipped Vehumet.
Vehumet was aware of your devotion.
You visited 2 branches of the dungeon, and saw 7 of its levels.

You collected 211 gold pieces.

Inventory:

Hand Weapons
 c - a +1 dagger of venom
 A - a +1 whip of freezing (weapon)
Armour
 a - a +0 robe
 p - a +0 pair of boots (worn)
 z - a +2 robe of fire resistance (worn)
Jewellery
 h - a ring of positive energy (left hand)
 v - a +4 ring of slaying (right hand)
Wands
 x - a wand of quicksilver (10)
 y - a wand of flame (6)
Scrolls
 b - a scroll of torment {unknown}
 d - a scroll of summoning {unknown}
 e - 2 scrolls of fear {unknown}
 f - a scroll of enchant armour {unknown}
 g - a scroll of silence {unknown}
 i - 7 scrolls of identify {unknown}
 k - 2 scrolls of teleportation {unknown}
 u - 2 scrolls of noise {unknown}
 w - a scroll of vulnerability {unknown}
Potions
 j - 3 potions of invisibility {unknown}
 l - 2 potions of heal wounds {unknown}
 m - a potion of degeneration {unknown}
 n - 3 potions of flight {unknown}
 o - 2 potions of lignification {unknown}
 q - a potion of attraction {unknown}
 r - a potion of ambrosia {unknown}
 s - 3 potions of curing {unknown}
 t - a potion of haste {unknown}


   Skills:
 - Level 5.0 Fighting
 - Level 1.5 Dodging
 - Level 2.1 Stealth
 + Level 6.0 Spellcasting
 + Level 4.7 Conjurations
 - Level 0.7 Transmutations
 + Level 7.4 Earth Magic
 + Level 4.3 Poison Magic


You had 12 spell levels left.
You knew the following spells:

 Your Spells              Type           Power      Damage    Failure   Level
a - Sandblast             Erth           70%        2d15      1%          1
b - Stone Arrow           Conj/Erth      60%        3d10      2%          3
t - Olgreb's Toxic Radia  Pois           23%        N/A       17%         4

Your spell library contained the following spells:

 Spells                   Type           Power      Damage    Failure   Level
 Foxfire                  Conj/Fire      60%        2x1d7     4%          1
 Sting                    Tmut/Pois      64%        1d6       3%          1
 Passwall                 Tmut/Erth      18%        N/A       3%          2
 Kiss of Death            Conj/Necr      60%        2d10      4%          1
 Poisonous Vapours        Pois/Air       28%        N/A       6%          2
 Mephitic Cloud           Conj/Pois/Air  18%        N/A       9%          3
 Petrify                  Tmut/Erth      22%        N/A       19%         4
 Confusing Touch          Hex            6%         N/A       30%         3
 Inner Flame              Hex/Fire       6%         N/A       30%         3
 Summon Guardian Golem    Hex/Summ       6%         N/A       30%         3
 Cause Fear               Hex            3%         N/A       71%         4
 Dispel Undead            Necr           6%         3d8       71%         4
 Orb of Destruction       Conj           12%        9d7       100%        7
 Spellforged Servitor     Conj/Summ      7%         N/A       100%        7
 Discord                  Hex            3%         N/A       100%        8
 Cigotuvi's Dreadful Rot  Necr/Pois/Air  Unusable   N/A       N/A         2

Dungeon Overview and Level Annotations

Branches:
Dungeon (6/15)             Temple (1/1) D:5

Altars:
Ashenzari
Cheibriados
Dithmenos
Gozag
Qazlal
Ru
Sif Muna
Uskayaw
Vehumet
Xom
Yredelemnul
Zin
The Shining One

Shops:
D:2 !   D:5 :

Annotations:
D:3 2 transporters, Sigmund


Innate Abilities, Weirdness & Mutations

You are immune to sickness and miasma.
Your stone body is resilient. (AC +6)
You are immune to poison.
You resist negative energy. (rN+)
You are resistant to electric shocks. (rElec)
You are resistant to unholy torment.
You are immune to petrification.


Message History

The adder barely misses you.
The two-headed ogre completely misses you.
The two-headed ogre misses you. The adder bites you but does no damage.
Casting: Stone Arrow (dangerous; 2% risk of failure)
Confirm with . or Enter, or press ? or * to list all spells.
Aiming: Stone Arrow (dangerous; 2% risk of failure)
Press: ? - help, Shift-Dir - straight line, f/p - two-headed ogre
Aim: a two-headed ogre, wielding a +0 giant club and a +0 giant spiked club (heavily wounded, 88% to hit)
The stone arrow hits the two-headed ogre.
The two-headed ogre is heavily wounded.
The adder closely misses you. The two-headed ogre barely misses you.
The two-headed ogre hits you but does no damage.
Casting: Stone Arrow (dangerous; 2% risk of failure)
Confirm with . or Enter, or press ? or * to list all spells.
Aiming: Stone Arrow (dangerous; 2% risk of failure)
Press: ? - help, Shift-Dir - straight line, f/p - two-headed ogre
Aim: a two-headed ogre, wielding a +0 giant club and a +0 giant spiked club (heavily wounded, 88% to hit)
The stone arrow misses the two-headed ogre.
The adder bites you but does no damage.
Casting: Stone Arrow (dangerous; 2% risk of failure)
Confirm with . or Enter, or press ? or * to list all spells.
Aiming: Stone Arrow (dangerous; 2% risk of failure)
Press: ? - help, Shift-Dir - straight line, f/p - two-headed ogre
Aim: a two-headed ogre, wielding a +0 giant club and a +0 giant spiked club (heavily wounded, 88% to hit)
The stone arrow hits the two-headed ogre!
The two-headed ogre is severely wounded.
The adder closely misses you. The two-headed ogre closely misses you.
The two-headed ogre hits you with a +0 giant spiked club!
Casting: Stone Arrow (dangerous; 2% risk of failure)
Confirm with . or Enter, or press ? or * to list all spells.
Aiming: Stone Arrow (dangerous; 2% risk of failure)
Press: ? - help, Shift-Dir - straight line, f/p - two-headed ogre
Aim: a two-headed ogre, wielding a +0 giant club and a +0 giant spiked club (severely wounded, 88% to hit)
The stone arrow hits the two-headed ogre!
The two-headed ogre is almost dead.
The adder closely misses you. The adder bites you but does no damage.
The two-headed ogre hits you with a +0 giant club!!
Ouch! That really hurt!
The two-headed ogre hits you with a +0 giant spiked club!!
You die...

#.. #.# #.. #.#
# #...# #.#.#
#SO.# #@#.# #.
#...# .# #.###
.# #.# .#
######.#######.#
#..[.........#.#
#.##########.#.#
#.# #...# #.#
#.###


You could see a two-headed ogre and an adder.

Vanquished Creatures
  Pikel (D:5)
  Grinder (D:5)
  4 ogres
  A phantom (D:5)
  A lemure (D:5)
  3 scorpions
  A hound (D:5)
  A quasit (D:5)
  An orc priest (D:4)
  5 iguanas (D:5)
  An orc wizard (D:4)
  9 adders
  7 gnolls
  A river rat (Temple)
  5 shadow imps (D:5)
  5 white imps (D:5)
  2 ufetubi (D:5)
  2 worms
  2 dart slugs
  2 orcs (D:4)
  11 endoplasms
  3 giant cockroaches
  6 goblins
  6 hobgoblins
  3 jackals (D:1)
  3 quokkas
  7 ball pythons
  12 bats
  3 frilled lizards
  3 kobolds
  4 rats
116 creatures vanquished.

Vanquished Creatures (others)
  2 demonic plants (D:5)
2 creatures vanquished.

Grand Total: 118 creatures vanquished

Notes
Turn   | Place    | Note
-------+----------+-------------------------------------------
     0 | D:1      | zero the Gargoyle Earth Elementalist began the quest for
                  | the Orb.
     0 | D:1      | Reached XP level 1. HP: 10/10 MP: 3/3
   186 | D:1      | Reached XP level 2. HP: 15/15 MP: 3/5
   190 | D:1      | Reached skill level 4 in Earth Magic
   667 | D:1      | Reached XP level 3. HP: 18/19 MP: 4/6
  1063 | D:1      | You fall into a shaft and drop 1 floor!
  1068 | D:2      | Learned a level 3 spell: Stone Arrow
  1069 | D:2      | Found Taloras's Distillery.
  1286 | D:2      | Reached skill level 1 in Fighting
  1457 | D:1      | Reached XP level 4. HP: 16/25 MP: 5/8
  2248 | D:3      | Noticed Sigmund
  2295 | D:3      | Found a transporter.
  2715 | D:3      | Reached skill level 5 in Earth Magic
  2715 | D:3      | Reached XP level 5. HP: 30/30 MP: 6/9
  3011 | D:3      | Found a transporter.
  3518 | D:4      | Reached XP level 6. HP: 37/37 MP: 1/12
  3605 | D:4      | Learned a level 4 spell: Olgreb's Toxic Radiance
  4052 | D:4      | Found a stormy altar of Qazlal.
  4055 | D:4      | Found a glowing golden altar of the Shining One.
  4055 | D:4      | Found a broken altar of Ashenzari.
  4057 | D:4      | Found a shimmering altar of Xom.
  4057 | D:4      | Found a shimmering altar of Xom.
  4057 | D:4      | Found a glowing golden altar of the Shining One.
  4131 | D:4      | Reached skill level 1 in Conjurations
  4131 | D:4      | Reached skill level 1 in Poison Magic
  4365 | D:4      | Reached XP level 7. HP: 32/43 MP: 3/13
  4555 | D:5      | Entered Level 5 of the Dungeon
  4590 | D:5      | Found a staircase to the Ecumenical Temple.
  4777 | Temple   | Entered the Ecumenical Temple
  4869 | Temple   | Became a worshipper of Vehumet
  5324 | D:5      | Found Loepp's Vocational Training.
  5448 | D:5      | Reached skill level 5 in Fighting
  5514 | D:5      | Reached XP level 8. HP: 46/49 MP: 5/15
  5567 | D:5      | Reached skill level 5 in Spellcasting
  5740 | D:5      | Noticed Grinder
  5749 | D:5      | Paralysed by Grinder for 3 turns
  5753 | D:5      | Killed Grinder
  5754 | D:5      | Reached skill level 6 in Earth Magic
  6469 | D:5      | Noticed Pikel
  6487 | D:5      | Killed Pikel
  6487 | D:5      | Reached * piety under Vehumet
  6487 | D:5      | Offered knowledge of Foxfire by Vehumet.
  6488 | D:5      | Reached skill level 7 in Earth Magic
  6488 | D:5      | Reached XP level 9. HP: 10/54 MP: 4/17
  6842 | D:6      | Noticed a two-headed ogre
  6849 | D:6      | Mangled by a two-headed ogre

Illustrated notes

Levels and vault maps discovered:
D:1:      minmay_arrival_plants_in_alcoves, layout_basic, serial_glass,
          glass_columns_a, glass_columns_b, hangedman_abyss_or_decor_lesser_grid
D:2:      layout_basic, serial_shops, nicolae_square_shop,
          minmay_split_cup_large
D:3:      gammafunk_steamed_eel, layout_loops_ring, hangedman_feature_mirror,
          uniq_sigmund
D:4:      layout_gridville, doesnt_xom_only_xom
D:5:      layout_layer_cave, minmay_temple_entry_stoned_glass, serial_demonic,
          serial_demonic_d, serial_demonic_b, serial_demonic_d,
          serial_demonic_c, serial_demonic_d, gup_sewer_entry_bowl,
          nicolae_shop_vocational, uniq_grinder, uniq_pikel
D:6:      layout_loops_ring, minmay_misc_feat_five, hangedman_minor_gate_pass
Temple:   grunt_wide_crystal_templ

Skill      XL: |  1  2  3  4  5  6  7  8  9 |
---------------+----------------------------+-----
Earth Magic    | 4 5 7 |  7.4
Fighting       | 1 2 3 4 5 |  5.0
Spellcasting   | 3 4 5 6 |  6.0
Conjurations   | 1 2 4 |  4.7
Poison Magic   | 1 2 4 |  4.3
Dodging        | |  1.5
Stealth        | |  2.1
Transmutations | |  0.7

Action                     |  1- 3 |  4- 6 |  7- 9 || total
---------------------------+-------+-------+-------++-------
  Melee: Unarmed           |    25 |       |       ||    25
         Dagger            |    26 |    28 |    35 ||    89
         Punch             |     1 |     1 |     1 ||     3
         Whip              |       |       |     4 ||     4
   Cast: Sandblast         |    39 |    54 |    51 ||   144
         Stone Arrow       |       |    12 |    32 ||    44
    Use: Potion            |       |       |     1 ||     1
   Stab: Sleeping          |       |     1 |       ||     1
 Armour: Robe              |    32 |    22 |    46 ||   100
  Dodge: Dodged            |    50 |    69 |    60 ||   179

Table legend: (Time is in decaauts)
 A = Elapsed time spent in this place.
 B = Non-inter-level travel time spent in this place.
 C = Inter-level travel time spent in this place.
 D = Time resting spent in this place.
 E = Time spent auto-exploring this place.
 F = Levels seen in this place.
 G = Mean time per level.
                   A        B        C        D        E       F      G
               +--------+--------+--------+--------+--------+-----+--------+
         Total |   6926 |   6705 |    221 |   1202 |   4620 |   7 |  989.4 |
       Dungeon |   6825 |   6617 |    208 |   1123 |   4617 |   6 | 1137.5 |
        Temple |    101 |     88 |     13 |     79 |      3 |   1 |  101.0 |
               +--------+--------+--------+--------+--------+-----+--------+

Top non-repeatable levels by time:
     D:5: 2165 daAuts
     D:4: 1247 daAuts
     D:2: 1158 daAuts
     D:1: 1149 daAuts
     D:3: 1047 daAuts
  Temple: 101 daAuts
     D:6: 57 daAuts
